 Dungeon Crawl Stone Soup version 0.28-a0-511-gcc94558de3 (webtiles) character file.

Game seed: 14990679792237007520

427 Rennog the Skirmisher (level 6, -2/52 HPs)
             Began as a Demonspawn Fighter on Sept 21, 2021.
             Was an Elder of Ignis.
             Slain by an ogre (20 damage)
             ... on level 4 of the Dungeon.
             The game lasted 00:07:18 (3962 turns).

Rennog the Skirmisher (Demonspawn Fighter)          Turns: 3962, Time: 00:07:19

Health: -2/52      AC: 11    Str: 19    XL:     6   Next: 65%
Magic:  6/6        EV: 10    Int: 15    God:    Ignis [****..]
Gold:   105        SH:  8    Dex: 12    Spells: 5/5 levels left

rFire   + . .      SeeInvis .   a - +0 rapier
rCold   . . .      Faith    .   c - +0 buckler
rNeg    . . .      Spirit   .   t - +0 chain mail
rPois   .          Reflect  .   s - +1 helmet
rElec   .          Harm     .   (no cloak)
rCorr   .          Rampage  .   (no gloves)
Will    .....                   (no boots)
Stlth   ..........              (no amulet)
HPRegen 0.17/turn               k - +6 ring of intelligence
MPRegen 0.10/turn               (no ring)

@: no status effects
A: claws 2, repulsion field 1, condensation shield
a: Renounce Religion, Sea of Fire, Foxfire Swarm, Rising Flame


You were on level 4 of the Dungeon.
You worshipped Ignis.
Ignis was greatly pleased with you.
You visited 1 branch of the dungeon, and saw 4 of its levels.

You collected 105 gold pieces.

Inventory:

Hand Weapons
 a - a +0 rapier (weapon)
 r - a +2 short sword of venom
Missiles
 n - 2 throwing nets (quivered)
Armour
 c - a +0 buckler (worn)
 s - a +1 helmet (worn)
 t - a +0 chain mail (worn)
Jewellery
 k - a +6 ring of intelligence (left claw)
Wands
 m - a wand of mindburst (10)
Scrolls
 e - 2 scrolls of vulnerability {unknown}
 h - 2 scrolls of identify {unknown}
 p - a scroll of blinking {unknown}
 q - a scroll of brand weapon {unknown}
Potions
 d - a potion of might
 f - a potion of degeneration {unknown}
 g - a potion of curing {unknown}
 i - a potion of flight {unknown}
 j - a potion of heal wounds {unknown}
 l - 2 potions of invisibility {unknown}
 o - a potion of ambrosia {unknown}


   Skills:
 * Level 5.9 Fighting
 - Level 1.7 Short Blades
 - Level 2.6 Armour
 + Level 2.9 Dodging
 - Level 2.6 Shields
 + Level 2.5 Unarmed Combat


You had 5 spell levels left.
You didn't know any spells.
Your spell library contained the following spells:

 Spells                   Type           Power      Damage    Failure   Level
 Gell's Gravitas          Tloc           0%         N/A       100%        3
 Teleport Other           Tloc           0%         N/A       100%        3
 Dispersal                Tloc           0%         N/A       100%        6


Dungeon Overview and Level Annotations

Branches:
Dungeon (4/15)
 Temple: D:4-7

Altars:
Kikubaaqudgha
Vehumet
Zin
Ignis

Annotations:
D:4 Dowan


Innate Abilities, Weirdness & Mutations

You have very sharp fingernails.
You are surrounded by a mild repulsion field. (EV +2)
A meltable shield of frost defends you. (SH +4)


Message History

You climb downwards.
Level annotation: Dowan You block the ogre's attack.
There is a stone staircase leading up here.
You barely miss the ogre. The ogre hits you with a +0 giant club!
You barely miss the ogre. The ogre barely misses you.
You puncture the ogre!
The ogre is heavily wounded.
The ogre closely misses you.
You hit the ogre.
The ogre is heavily wounded.
You block the ogre's attack.
You hit the ogre.
The ogre is heavily wounded.
The ogre hits you but does no damage.
You hit the ogre but do no damage.
The ogre is heavily wounded.
The ogre hits you with a +0 giant club!
You hit the ogre.
The ogre is heavily wounded.
The ogre hits you with a +0 giant club!
You are too injured to fight recklessly!
You completely miss the ogre.
The ogre is heavily wounded.
You completely miss the ogre.
The ogre is heavily wounded.
The ogre closely misses you.
You puncture the ogre!
The ogre is almost dead.
The ogre barely misses you.
You hit the ogre but do no damage.
The ogre is almost dead.
The ogre hits you with a +0 giant club!
* * * LOW HITPOINT WARNING * * *
Things that are here:
8 gold pieces; a +0 whip of venom
Found 21 arrows.
You see here 21 arrows.
The ogre hits you with a +0 giant club!!
You die...

####### #.....#
###.###.# #
#....○#.##.#
###.....#....#
##...._....#######
#..#.....#.......$
.
#..#.....#......".
.
#..###.###@.......
.
#.........O.......
.
#<................
.
#$....(...........
.
#.................
.
#.................
.
#.........####....
.
#.........###.....
.
##............###
.


You could see an ogre.

Vanquished Creatures
  Sigmund (D:4)
  Duvessa (D:4)
  2 hounds (D:3)
  An iguana (D:4)
  An orc wizard (D:3)
  5 orcs
  4 ball pythons
  3 endoplasms
  2 giant cockroaches
  5 goblins
  9 hobgoblins
  8 kobolds
  4 quokkas
  4 bats
  4 frilled lizards (D:3)
  5 rats
59 creatures vanquished.

Vanquished Creatures (others)
  23 foxfires (D:4)
23 creatures vanquished.

Grand Total: 82 creatures vanquished

Notes
Turn   | Place    | Note
-------+----------+-------------------------------------------
     0 | D:1      | Rennog the Demonspawn Fighter began the quest for the Orb.
     0 | D:1      | Reached XP level 1. HP: 18/18 MP: 1/1
   270 | D:1      | Gained mutation: A meltable shield of frost defends you.
                  | (SH +4) [demonic ancestry]
   270 | D:1      | Reached XP level 2. HP: 20/24 MP: 2/2
   653 | D:1      | Found a faded altar of an unknown god.
   691 | D:1      | Became a worshipper of Ignis, the Dying Flame
   940 | D:1      | Reached skill level 1 in Dodging
  1267 | D:2      | Found a radiant altar of Vehumet.
  1352 | D:2      | Gained mutation: You have sharp fingernails. [demonic
                  | ancestry]
  1352 | D:2      | Reached XP level 3. HP: 21/30 MP: 3/3
  1662 | D:2      | Reached skill level 4 in Fighting
  2129 | D:3      | Gained mutation: You are surrounded by a mild repulsion
                  | field. (EV +2) [demonic ancestry]
  2129 | D:3      | Reached XP level 4. HP: 38/38 MP: 4/4
  2489 | D:4      | Found an ancient bone altar of Kikubaaqudgha.
  2502 | D:4      | Noticed an ogre
  2825 | D:4      | Noticed Duvessa
  2858 | D:4      | Noticed Sigmund
  2869 | D:3      | Reached skill level 1 in Unarmed Combat
  3000 | D:4      | Killed Sigmund
  3001 | D:4      | Reached skill level 5 in Fighting
  3001 | D:4      | Gained mutation: You have very sharp fingernails. [demonic
                  | ancestry]
  3001 | D:4      | Reached XP level 5. HP: 39/44 MP: 5/5
  3014 | D:4      | Reached XP level 6. HP: 33/51 MP: 6/6
  3063 | D:4      | Noticed Dowan
  3068 | D:4      | Killed Duvessa
  3962 | D:4      | Slain by an ogre

Illustrated notes

Levels and vault maps discovered:
D:1:      lordsloth_arrival_two_stooges, layout_basic,
          shapermc_ecumenical_altar_mp_highgroup, minmay_misc_feat_square
D:2:      layout_loops_ring, serial_aquarium, aquarium_bridge_square
          [aquarium_subvault_wall, aquarium_subvault_bridge,
          aquarium_subvault_bridge, aquarium_subvault_window],
          aquarium_bridge_straight [aquarium_subvault_bridge,
          aquarium_subvault_wall, aquarium_subvault_bridge,
          aquarium_subvault_window], aquarium_window_corridor_3,
          aquarium_window_fake, aquarium_window_corner, aquarium_view_2d,
          aquarium_balcony_double_3, aquarium_pool_2, basic_altar
D:3:      layout_basic, zin_scriptorium, minivault_24, corexii_hall_statues_x
D:4:      layout_rooms, evilmike_ruin_ashenzari,
          nicolae_kikubaaqudgha_miasma_corner, nemelex_dance_club_becter,
          nicolae_tso_swordbearing_angel, uniq_sigmund, uniq_duvessa

Skill      XL: |  1  2  3  4 |
---------------+-------------+-----
Dodging        | 1 2 |  2.9
Fighting       | 4 5 |  5.9
Unarmed Combat | 2 |  2.5
Short Blades   | |  1.7
Armour         | |  2.6
Shields        | |  2.6

Action                   |  1- 3 |  4- 6 || total
-------------------------+-------+-------++-------
Melee: Rapier            |   143 |    69 ||   212
       Short sword       |       |    24 ||    24
Invok: Foxfire Swarm     |       |     1 ||     1
       Rising Flame      |       |     1 ||     1
Evoke: Wand              |       |     1 ||     1
Armor: Scale mail        |    56 |    32 ||    88
       Chain mail        |       |     1 ||     1
Dodge: Dodged            |    44 |    64 ||   108
Block: Buckler           |    56 |    37 ||    93

Table legend: (Time is in decaauts)
 A = Elapsed time spent in this place.
 B = Non-inter-level travel time spent in this place.
 C = Inter-level travel time spent in this place.
 D = Time resting spent in this place.
 E = Time spent auto-exploring this place.
 F = Levels seen in this place.
 G = Mean time per level.
                   A        B        C        D        E       F      G
               +--------+--------+--------+--------+--------+-----+--------+
         Total |   4001 |   3851 |    150 |    970 |   2182 |   4 | 1000.2 |
       Dungeon |   4001 |   3851 |    150 |    970 |   2182 |   4 | 1000.2 |
               +--------+--------+--------+--------+--------+-----+--------+

Top non-repeatable levels by time:
     D:3: 1775 daAuts
     D:1: 995 daAuts
     D:2: 896 daAuts
     D:4: 333 daAuts
